 Dungeon Crawl Stone Soup version 0.32-a0-86-g8db1b9f803 (webtiles) character file.

Game seed: 15392165372379443022

147 cforsyth the Trooper (level 5, -1/41 HPs)
             Began as a Djinni Warper on Feb 5, 2024.
             Slain by a wight
             ... wielding a +2 flail of freezing
              (7 damage)
             ... on level 4 of the Dungeon.
             The game lasted 00:03:30 (3069 turns).

cforsyth the Trooper (Djinni Warper)                Turns: 3069, Time: 00:03:31

Health: -1/41      AC:  4    Str: 16    XL:     5   Next: 55%
Gold:   176        EV: 12    Int: 16    God:
                   SH:  0    Dex: 13

rFire   + + .        a - +0 falchion
rCold   x . .        (no shield)
rNeg    . . .        b - +0 leather armour
rPois   ∞            o - +0 helmet
rElec   .            (no cloak)
rCorr   .            (no gloves)
SInv    .            (boots unavailable)
Will    .....        (no amulet)
Stlth   +            h - +6 ring of strength
HPRegen 0.26/turn    (no ring)
MPRegen 0.00/turn

%: infuse magic (-2 HP)
@: flying, very slightly contaminated
A: sickness immunity, fire resistance 2, cold vulnerability 1, float, innate
caster, HP casting, extra vitality 1
a: no special abilities


You were on level 4 of the Dungeon.
You visited 1 branch of the dungeon, and saw 4 of its levels.

You collected 176 gold pieces.

Inventory:

Hand Weapons
 a - a +0 falchion (weapon)
Missiles
 d - 6 darts of dispersal
 r - 7 poisoned darts
Armour
 b - a +0 leather armour (worn)
 o - a +0 helmet (worn)
Jewellery
 h - a +6 ring of strength (left hand)
Wands
 p - a wand of flame (32)
Scrolls
 c - a scroll of blinking
 f - a scroll of fear {unknown}
 g - a scroll of vulnerability {unknown}
 j - a scroll of fog {unknown}
 u - 2 scrolls of immolation
Potions
 e - a potion of berserk rage {unknown}
 i - a potion of invisibility {unknown}
 k - a potion of curing {unknown}
 m - a potion of brilliance {unknown}
 n - a potion of haste {unknown}
 q - a potion of attraction {unknown}
 s - a potion of enlightenment {unknown}
 t - a potion of resistance {unknown}


   Skills:
 + Level 4.0 Fighting
 - Level 1.7 Long Blades
 - Level 0.7 Throwing
 - Level 1.0 Armour
 - Level 2.1 Dodging
 + Level 4.0 Spellcasting
 + Level 4.0 Conjurations
 + Level 4.0 Hexes
 + Level 4.0 Summonings
 + Level 4.0 Necromancy
 + Level 4.0 Translocations
 + Level 4.0 Fire Magic
 + Level 4.0 Ice Magic
 + Level 4.0 Air Magic
 + Level 4.0 Earth Magic
 + Level 4.0 Alchemy


You knew the following spells:

 Your Spells              Type           Power      Damage    Failure   Level
a - Blink                 Tloc           32%        N/A       6%          2
b - Lesser Beckoning      Tloc           32%        N/A       6%          2
c - Teleport Other        Tloc           16%        N/A       12%         3
d - Manifold Assault      Tloc           16%        N/A       36%         4
e - Vhi's Electric Charg  Tloc/Air       32%        N/A       36%         4
f - Freeze                Ice            64%        1d7       4%          1
g - Jinxbite              Hex            32%        N/A       6%          2
Your spell library was empty.

Dungeon Overview and Level Annotations

Branches:
Dungeon (4/15)
 Temple: D:4-7

Altars:
Elyvilon


Innate Abilities, Weirdness & Mutations

You are immune to sickness and miasma.
You are immune to poison.
Your flesh is very heat resistant. (rF++)
You are vulnerable to cold. (rC-)
You float through the air rather than walking.
You learn spells naturally, not from books.
Your magical power is your life essence.
You have superior vitality. (+4 MHP)


Message History

Casting: Freeze (safe; 4% risk of failure)
Confirm with . or Enter, or press ? or * to list all spells.
You don't know that spell.
Unknown command.
Unknown command.
Casting: Freeze (safe; 4% risk of failure)
Confirm with . or Enter, or press ? or * to list all spells.
Aiming: Freeze (safe; 4% risk of failure)
Press: ? - help, Shift-Dir - straight line, f - wight
Aim: a wight, wielding a +2 flail of freezing and wearing a +0 robe You freeze the wight but do no damage.
The wight completely resists.
The wight hits you with a +2 flail of freezing!
The wight freezes you.
Casting: Freeze (safe; 4% risk of failure)
Confirm with . or Enter, or press ? or * to list all spells.
Aiming: Freeze (safe; 4% risk of failure)
Press: ? - help, Shift-Dir - straight line, f/p - wight
Aim: a wight, wielding a +2 flail of freezing and wearing a +0 robe You freeze the wight.
The wight resists.
The wight is lightly damaged.
The wight hits you with a +2 flail of freezing.
The wight freezes you.
Casting: Freeze (safe; 4% risk of failure)
Confirm with . or Enter, or press ? or * to list all spells.
Aiming: Freeze (safe; 4% risk of failure)
Press: ? - help, Shift-Dir - straight line, f/p - wight
Aim: a wight, wielding a +2 flail of freezing and wearing a +0 robe (lightly damaged)
You freeze the wight but do no damage.
The wight completely resists.
The wight hits you with a +2 flail of freezing!
* * * LOW HITPOINT WARNING * * *
The wight freezes you.
* * * LOW HITPOINT WARNING * * *
Casting: Freeze (safe; 4% risk of failure)
Confirm with . or Enter, or press ? or * to list all spells.
You miscast Blink.
You are very lightly contaminated with residual magic.
Nothing appears to happen.
* * * LOW HITPOINT WARNING * * *
The wight hits you with a +2 flail of freezing!
You die...

.....##..............#####.##
....####......###....# #.# ...##
#.......###...# ###.## #.###
#.#####..##†..# #<...# #...## #.#
##..#...###....# ###..###.#
##.#..........# ##.z...#
#.....##.....#
######..########...........#
...............z@....###....#####
####.........#####.#####....##...
#.........# #..........##>..
#.........# ######......#...
#.........# #####..#...
#.........# ##..... ###########
###... #... #...


You could see a wight.

Vanquished Creatures
  A hound (D:4)
  Jessica (D:3)
  3 adders (D:2)
  A ribbon worm (D:2)
  5 orcs
  7 bats
  5 endoplasms
  7 goblins
  4 hobgoblins
  3 jackals (D:1)
  5 ball pythons
  2 frilled lizards
  7 kobolds
  3 rats
54 creatures vanquished.

Notes
Turn   | Place    | Note
-------+----------+-------------------------------------------
     0 | D:1      | cforsyth the Djinni Warper began the quest for the Orb.
     0 | D:1      | cforsyth set off with the following spells memorised:
                  | Blink, Lesser Beckoning, Teleport Other, Manifold Assault,
                  | Vhi's Electric Charge.
     0 | D:1      | Reached XP level 1. HP: 18/18 MP: 0/0
   201 | D:1      | Reached XP level 2. HP: 23/23 MP: 0/0
   391 | D:1      | Found a faded altar of an unknown god.
   527 | D:1      | Reached XP level 3. HP: 25/29 MP: 0/0
   527 | D:1      | Learned a level 1 spell: Freeze
  1046 | D:2      | Reached XP level 4. HP: 23/35 MP: 0/0
  1932 | D:3      | Identified the +4 mace of Kiuxuun {vamp, rPois}
  2073 | D:3      | Noticed Jessica
  2087 | D:3      | Killed Jessica
  2088 | D:3      | Reached XP level 5. HP: 39/41 MP: 0/0
  2088 | D:3      | Learned a level 2 spell: Jinxbite
  2480 | D:3      | Found a white marble altar of Elyvilon.
  3069 | D:4      | Slain by a wight

Illustrated notes

Levels and vault maps discovered:
D:1:      ncdulo_lavacross, layout_loops_ring,
          dreamdust_ecumenical_altar_statues
D:2:      layout_rooms
D:3:      layout_loops_cross, mainiacjoe_overflow_paths,
          serial_co_window_serial, co_window_paths_b, co_window_paths_a,
          co_window_of_opportunity_a, co_window_corner_a, co_window_corner_a,
          co_window_2corner, co_window_broadway_b, co_window_cross_3,
          co_window_cross_2, co_window_4corner_a, glass_columns_b,
          glass_columns_b, uniq_jessica
D:4:      layout_rooms, mainiacjoe_overflow_catwalk, serial_shops,
          nicolae_shop_back_alley_shop, gammafunk_ghost_split

Skill      XL: |  1  2  3  4  5 |
---------------+----------------+-----
Spellcasting   | 3 4 |  4.0
Conjurations   | 3 4 |  4.0
Hexes          | 3 4 |  4.0
Summonings     | 3 4 |  4.0
Necromancy     | 3 4 |  4.0
Translocations | 3 4 |  4.0
Fire Magic     | 3 4 |  4.0
Ice Magic      | 3 4 |  4.0
Air Magic      | 3 4 |  4.0
Earth Magic    | 3 4 |  4.0
Alchemy        | 3 4 |  4.0
Fighting       | 3 4 |  4.0
Long Blades    | |  1.7
Throwing       | |  0.7
Armour         | |  1.0
Dodging        | |  2.1

Action                     |  1- 3 |  4- 6 || total
---------------------------+-------+-------++-------
  Melee: Falchion          |    52 |    16 ||    68
         Punch             |     2 |     1 ||     3
  Throw: Dart              |     1 |       ||     1
   Cast: Freeze            |    23 |    38 ||    61
         Teleport Other    |       |     1 ||     1
         Blink             |       |     1 ||     1
    Use: Scroll            |       |     2 ||     2
 Armour: Leather armour    |    54 |    41 ||    95
  Dodge: Dodged            |    51 |    33 ||    84

Table legend: (Time is in decaauts)
 A = Elapsed time spent in this place.
 B = Non-inter-level travel time spent in this place.
 C = Inter-level travel time spent in this place.
 D = Time resting spent in this place.
 E = Time spent auto-exploring this place.
 F = Levels seen in this place.
 G = Mean time per level.
                   A        B        C        D        E       F      G
               +--------+--------+--------+--------+--------+-----+--------+
         Total |   3087 |   2962 |    125 |    330 |   2193 |   4 |  771.8 |
       Dungeon |   3087 |   2962 |    125 |    330 |   2193 |   4 |  771.8 |
               +--------+--------+--------+--------+--------+-----+--------+

Top non-repeatable levels by time:
     D:3: 1105 daAuts
     D:2: 905 daAuts
     D:1: 869 daAuts
     D:4: 206 daAuts
